Map: 큐리어스 마인즈 - 래더

Players

iGMacSed (MacSed)

  • Race: Protoss Protoss
  • League: Grandmaster

Ryung - Winner!

  • Race: Terran Terran
  • League: Master

Event: DreamHack SC2 Masters Last Chance 2022

VOD

Have the link to the VOD?

Description

Time

  • Played on: Dec. 15, 2021, 5:35 a.m.
  • Length: 21:37

All games in this series

Show
View Real Time Build Order
Export as new Build Order

iGMacSed Protoss 

Build Orders: Phoenix Opening 

Get SALT Encoding   

  12  0:00  Probe  
  13  0:12  Probe  
  14  0:16  Pylon  
  14  0:24  Probe (Chrono Boost)  
  16  0:36  Gateway, Probe (Chrono Boost)  
  16  0:43  Probe (Chrono Boost)  
  16  0:48  Assimilator  
  17  0:50  Probe  
  18  1:03  Assimilator, Probe  
  19  1:05  Pylon  
  19  1:15  Probe  
  20  1:24  Cybernetics Core  
  20  1:27  Zealot  
  20  1:30  Probe  
  23  1:37  Pylon  
  23  1:42  Probe  
  25  1:57  Adept (Chrono Boost)  
  25  2:01  Warp Gate  
  27  2:03  Stargate  
  27  2:07  Probe  
  27  2:20  Probe  
  27  2:22  Adept  
  29  2:38  Void Ray (Chrono Boost)  
  33  2:56  Nexus  
  33  3:03  Probe  
  34  3:10  Pylon  
  34  3:16  Phoenix (Chrono Boost)  
  36  3:20  Probe  
  37  3:32  Probe  
  38  3:37  Phoenix  
  39  3:44  Probe  
  40  3:51  Gateway  
  40  3:57  Probe  
  40  4:00  Phoenix  
  43  4:08  Probe  
  43  4:09  Probe (Chrono Boost)  
  45  4:17  Stalker  
  45  4:19  Phoenix  
  45  4:20  Probe (Chrono Boost)  
  49  4:27  Probe (Chrono Boost)  
  49  4:30  Probe (Chrono Boost)  
  50  4:34  Probe (Chrono Boost)  
  50  4:35  Probe (Chrono Boost)  
  52  4:39  Shield Battery  
  52  4:41  Stalker  
  52  4:45  Probe  
  55  4:50  Phoenix  
  55  4:52  Probe  
  58  4:57  Stalker  
  60  5:03  Probe  
  60  5:05  Probe  
  62  5:07  Pylon  
  62  5:13  Robotics Facility  
  62  5:25  Phoenix (Chrono Boost)  
  62  5:26  Probe x2  
  66  5:32  Stalker x2  
  70  5:38  Pylon  
  70  5:40  Assimilator  
  70  5:47  Assimilator  
  70  5:56  Probe x2  
  72  6:01  Observer (Chrono Boost)  
  72  6:02  Stalker  
  72  6:03  Stalker  
  77  6:07  Pylon  
  77  6:09  Probe  
  78  6:12  Pylon  
  78  6:23  Immortal (Chrono Boost)  
  78  6:26  Probe x2  
  78  6:27  Twilight Council  
  78  6:29  Forge  
  84  6:35  Gateway x2  
  84  6:36  Sentry  
  86  6:42  Zealot  
  88  6:51  Protoss Ground Weapons Level 1 (Chrono Boost)  
  88  6:56  Nexus  
  88  6:57  Observer, Pylon  
  88  6:58  Observer  
  88  6:59  Charge (Chrono Boost)  
  89  7:18  Gateway x2  
  89  7:24  Gateway x2  
  89  7:31  Zealot x2  
  93  7:38  Templar Archives  
  93  7:45  Zealot x2  
  97  7:57  Probe  
  94  7:59  Zealot x2  
  94  8:00  Probe  
  94  8:04  Gateway  
  99  8:07  Gateway  
  99  8:10  Pylon x2  
  99  8:13  Pylon  
  99  8:16  High Templar, Shield Battery  
  99  8:17  High Templar  
  103  8:21  Archon  
  103  8:22  High Templar x2  
  103  8:26  Archon  
  99  8:35  Zealot  
  99  8:36  Zealot x3  
  83  8:45  Probe x3  
  86  8:54  High Templar  
  86  8:55  Zealot x2, High Templar  
  92  8:56  Zealot x2  
  92  8:59  Psionic Storm, Probe x2  
  92  9:00  Archon  
  92  9:01  Sentry  
  100  9:03  Probe  
  100  9:07  Zealot  
  103  9:11  Probe  
  103  9:12  Zealot  
  106  9:26  Zealot x3  
  109  9:33  Probe x2  
  109  9:35  Assimilator  
  111  9:39  High Templar x2  
  111  9:42  Probe  
  116  9:48  Warp Prism (Chrono Boost)  
  116  9:51  High Templar  
  120  9:57  Pylon  
  120  9:59  Assimilator, Pylon  
  120  10:03  High Templar  
  122  10:08  Pylon  
  122  10:11  Protoss Ground Armor Level 1 (Chrono Boost), Zealot x5  
  128  10:25  Zealot x4  
  136  10:33  Stalker x2  
  140  10:35  Zealot  
  102  11:00  Zealot x9, Archon  
  104  11:09  Immortal (Chrono Boost)  
  88  11:17  High Templar  
  90  11:23  Robotics Bay, High Templar x3  
  96  11:29  Photon Cannon  
  96  11:36  High Templar  
  96  11:37  High Templar  
  96  11:38  Warp Prism (Chrono Boost)  
  102  11:41  Robotics Facility  
  102  11:43  Archon  
  102  11:49  Zealot x3  
  108  11:54  Zealot x2  
  108  11:56  High Templar x2  
  116  12:02  Archon  
  114  12:09  Zealot x4  
  114  12:10  Observer (Chrono Boost)  
  119  12:25  Probe  
  119  12:29  Zealot x2  
  127  12:33  Disruptor x2 (Chrono Boost)  
  127  12:36  Zealot x2  
  127  12:37  Zealot x3  
  138  12:45  Zealot x3  
  141  12:53  Archon  
  141  12:57  Zealot x2  
  141  12:58  Zealot x3  
  103  13:07  Disruptor x2 (Chrono Boost)  
  103  13:09  Zealot  
  103  13:12  Archon  
  97  13:15  Stalker  
  91  13:22  High Templar x4  
  91  13:24  Zealot x2  
  103  13:39  Zealot x4, Disruptor (Chrono Boost)  
  114  13:43  Disruptor (Chrono Boost)  
  117  13:49  Protoss Ground Armor Level 2 (Chrono Boost)  
  117  13:59  Zealot x2  
  117  14:00  Zealot  
  117  14:02  High Templar x2  
  125  14:05  Pylon  
  125  14:07  Archon  
  127  14:17  Nexus  
  127  14:21  Extended Thermal Lance  
  125  14:26  Colossus (Chrono Boost)  
  125  14:33  Colossus (Chrono Boost)  
  131  14:49  Probe  
  131  14:52  Photon Cannon  
  132  14:53  Shield Battery  
  132  14:58  Probe  
  133  15:06  Colossus  
  131  15:07  Zealot  
  139  15:15  Zealot  
  135  15:36  Colossus  
  135  15:41  Probe x2  
  135  15:42  Probe x2  
  143  15:43  Blink (Chrono Boost)  
  143  15:44  High Templar x2  
  147  15:50  Stalker x2, Zealot  
  147  15:56  Photon Cannon  
  153  16:00  Photon Cannon  
  153  16:08  Disruptor  
  156  16:18  Zealot x3  
  156  16:19  Zealot x3  
  168  16:38  Stalker x4  
  168  16:39  Stalker  
  176  16:42  Zealot x2  
  130  17:16  Disruptor x2 (Chrono Boost)  
  115  17:29  Stalker x6  
  115  17:30  Zealot  
  115  17:31  Zealot x3  
  115  17:36  Assimilator  
  123  17:37  Assimilator  
  123  17:46  Colossus (Chrono Boost)  
  127  17:54  Zealot x3  
  127  17:55  Nexus  
  133  18:03  High Templar x2, Pylon  
  137  18:07  Archon  
  137  18:14  Zealot x5  
  145  18:24  Stalker x3  
  151  18:28  Photon Cannon, Shield Battery  
  151  18:38  Photon Cannon, Colossus x2 (Chrono Boost)  
  151  18:41  Shield Battery  
  163  18:54  Stalker x3  
  169  19:07  Stalker x3  
  175  19:15  Stalker x2  
  174  19:31  Photon Cannon  
  174  19:41  Stalker x2  
  174  19:42  Stalker x3  
  154  20:02  Zealot x5  
  154  20:04  Immortal (Chrono Boost)  
  168  20:11  Assimilator x2, High Templar x3  
  168  20:12  High Templar  
  174  20:16  Stalker  
  174  20:19  Archon x2  
  173  20:25  Photon Cannon  
  173  20:36  Stalker x3  
  136  21:08  Stalker x7, Zealot x2  
  136  21:09  Zealot  
Show
View Real Time Build Order
Export as new Build Order

Ryung Terran - Winner!

Build Orders: Cyclone Opening 

Get SALT Encoding   

  12  0:00  SCV  
  13  0:12  SCV  
  14  0:17  Supply Depot  
  14  0:24  SCV  
  15  0:38  SCV  
  15  0:40  Barracks  
  16  0:43  Refinery  
  16  0:50  SCV  
  16  0:53  Refinery  
  17  1:03  SCV  
  18  1:15  SCV  
  19  1:27  Reaper, Orbital Command  
  20  1:44  Factory  
  20  1:46  Supply Depot  
  20  1:53  SCV  
  21  2:05  SCV  
  22  2:17  SCV  
  23  2:29  SCV, Factory Tech Lab  
  24  2:30  Starport  
  24  2:39  Marine  
  24  2:41  SCV  
  24  2:42  Bunker  
  24  2:44  Supply Depot  
  26  2:48  Cyclone  
  29  2:53  SCV  
  29  2:57  Marine  
  30  3:05  SCV  
  30  3:07  Viking  
  33  3:15  Marine  
  33  3:17  SCV  
  35  3:20  Cyclone  
  35  3:24  Supply Depot  
  37  3:33  SCV  
  38  3:41  Barracks Reactor  
  38  3:46  Viking  
  40  3:52  Cyclone  
  43  4:03  SCV  
  43  4:08  Command Center  
  44  4:16  Viking  
  45  4:19  Marine x2  
  47  4:34  Supply Depot  
  47  4:55  SCV, Siege Tank, Viking, Marine x2  
  47  4:58  Supply Depot  
  54  5:07  SCV  
  54  5:10  Barracks  
  55  5:20  SCV  
  55  5:25  Bunker  
  55  5:27  Siege Tank  
  58  5:29  Orbital Command  
  58  5:32  SCV  
  59  5:36  Starport Tech Lab  
  59  5:44  SCV  
  59  5:45  Marine x2  
  61  5:56  SCV  
  62  5:59  Barracks  
  62  6:02  SCV  
  63  6:08  Stimpack, SCV  
  64  6:13  Engineering Bay  
  64  6:14  SCV, Marine  
  64  6:15  Marine x2  
  68  6:20  SCV  
  68  6:23  Supply Depot  
  69  6:26  SCV  
  69  6:30  Starport Reactor  
  69  6:32  SCV  
  71  6:38  SCV  
  71  6:39  Missile Turret, Terran Infantry Weapons Level 1  
  72  6:40  Supply Depot  
  72  6:43  Marine x3  
  72  6:44  SCV  
  76  6:48  Refinery, Factory Reactor  
  76  6:50  SCV  
  77  6:56  Supply Depot, SCV, Combat Shield  
  78  7:02  Refinery  
  78  7:03  SCV  
  78  7:05  Marine x2  
  78  7:06  Marauder x2  
  85  7:09  SCV  
  85  7:14  Medivac x2  
  85  7:15  SCV  
  90  7:27  Widow Mine x2  
  90  7:29  Marine x2  
  96  7:31  Marauder x2  
  96  7:35  Missile Turret  
  100  7:43  SCV x2  
  102  7:44  Supply Depot x2  
  102  7:59  Medivac  
  102  8:05  Medivac  
  102  8:07  Barracks Tech Lab  
  102  8:09  SCV x2  
  109  8:16  Concussive Shells  
  109  8:17  Marine  
  109  8:18  Command Center  
  99  8:34  Marauder, Marine  
  99  8:35  Marauder  
  99  8:38  Widow Mine x2  
  92  8:41  SCV x2  
  92  8:42  Medivac x2  
  92  8:44  Marine  
  98  8:53  Barracks  
  98  8:54  SCV  
  98  8:55  SCV, Barracks  
  99  8:58  Marauder x2, Marine  
  99  9:01  Widow Mine x2  
  99  9:02  Marine  
  109  9:08  Terran Infantry Armor Level 1  
  109  9:14  Medivac x2  
  109  9:16  Marine  
  114  9:19  Marine  
  114  9:21  Ghost Academy  
  115  9:26  Widow Mine  
  115  9:30  Widow Mine  
  119  9:35  Marine x2  
  119  9:36  Marauder  
  119  9:37  Marauder  
  124  9:39  SCV x2  
  126  9:47  Barracks Reactor  
  126  9:51  SCV x2  
  128  9:58  Orbital Command  
  128  10:02  Supply Depot  
  128  10:07  Ghost x2  
  132  10:16  Supply Depot, SCV  
  132  10:18  Enhanced Shockwaves  
  133  10:23  SCV, Refinery, Ghost  
  133  10:24  Refinery  
  133  10:28  Missile Turret  
  136  10:35  SCV x2, Armory  
  138  10:36  SCV  
  138  10:38  Supply Depot  
  139  10:44  Widow Mine  
  139  10:45  Widow Mine, Ghost  
  115  11:00  Marine x4  
  115  11:01  Marauder x2  
  94  11:17  Widow Mine x2  
  102  11:20  SCV x3  
  102  11:22  Marine x3  
  102  11:24  Marine  
  109  11:28  Ghost  
  109  11:32  Ghost x2  
  107  11:33  SCV  
  107  11:35  SCV  
  107  11:36  SCV  
  107  11:39  Widow Mine  
  116  11:41  Widow Mine  
  116  11:43  Marine x2  
  116  11:44  Marine  
  116  11:46  Marine  
  122  11:52  SCV  
  123  11:55  Liberator x2  
  129  12:01  Supply Depot  
  129  12:03  Supply Depot  
  129  12:07  Widow Mine x2, Marine x2  
  129  12:08  Marine x2  
  137  12:11  Ghost x2  
  141  12:17  SCV  
  141  12:18  SCV  
  142  12:25  Marauder  
  142  12:27  SCV  
  145  12:30  Supply Depot  
  145  12:34  Marine x2  
  145  12:35  Supply Depot, Marine x2  
  145  12:36  Widow Mine  
  153  12:37  Widow Mine  
  153  12:38  Viking x2  
  153  12:53  Marine x4  
  146  12:59  Marauder x2  
  136  13:07  Marauder  
  136  13:11  Marine x2  
  136  13:12  Widow Mine x2  
  114  13:13  Marine x2  
  103  13:20  Marauder x2  
  103  13:22  Medivac x2  
  103  13:24  Terran Infantry Weapons Level 2  
  106  13:29  Marauder, Marine  
  108  13:34  Marine  
  108  13:40  SCV x3  
  108  13:41  Widow Mine, Ghost x2  
  114  13:43  Widow Mine  
  114  13:47  Marine x2  
  122  13:54  Ghost  
  122  13:55  Marine x2  
  126  14:06  Marine x2  
  126  14:09  Ghost  
  128  14:10  Liberator  
  128  14:11  SCV x2  
  128  14:16  Marauder, Marine x2  
  139  14:23  SCV, Orbital Command  
  140  14:25  Widow Mine  
  140  14:26  Widow Mine  
  140  14:27  SCV  
  140  14:30  Marine x2  
  147  14:32  Marauder  
  147  14:35  SCV  
  150  14:39  SCV  
  151  14:47  SCV  
  151  14:51  Marauder, SCV, Marine  
  151  14:52  Marauder, Marine x3  
  161  14:53  Marauder  
  163  15:01  SCV x2  
  163  15:03  Bunker  
  163  15:04  SCV  
  168  15:14  Marauder x2  
  168  15:17  Supply Depot  
  168  15:18  Supply Depot  
  170  15:23  Viking x2  
  168  15:36  Marauder x2, Marine x2  
  168  15:37  Marine  
  168  15:38  Marine  
  176  15:52  Marauder  
  176  15:53  Liberator x2  
  184  15:57  Marauder  
  184  16:11  Personal Cloaking, Engineering Bay  
  184  16:17  Barracks  
  185  16:18  Marauder x2, Marine, Barracks  
  185  16:19  Marauder  
  185  16:20  Barracks  
  185  16:22  Marine x2  
  188  16:28  Marine  
  189  16:38  Terran Infantry Weapons Level 3  
  187  16:40  Marauder, Marine x2  
  187  16:41  Marauder  
  187  16:44  Terran Infantry Armor Level 2  
  187  16:45  Command Center  
  183  16:58  Marine x3  
  183  16:59  Marine  
  168  17:08  Orbital Command  
  149  17:09  Marauder x2, Marine x2  
  149  17:11  Marine  
  138  17:16  Marine x3  
  128  17:25  Marine  
  127  17:30  Marauder, Marine  
  127  17:31  Marauder  
  127  17:32  Barracks Tech Lab  
  127  17:33  Barracks Tech Lab, Barracks Reactor  
  127  17:35  SCV x3  
  131  17:44  Marine x3  
  131  17:46  Marine  
  131  17:47  SCV x2  
  131  17:48  Marauder  
  131  17:51  Marauder  
  141  17:52  Marauder  
  143  18:02  Marine x3  
  144  18:06  Widow Mine x2  
  144  18:07  Marauder x2  
  144  18:10  Marauder  
  144  18:11  Marine x2  
  156  18:17  Marine  
  156  18:18  Marauder x2  
  161  18:23  Marine  
  161  18:25  Marine  
  163  18:27  Ghost  
  163  18:28  Marauder  
  163  18:30  Ghost  
  169  18:39  Ghost x2, Marine x3  
  177  18:41  SCV x2  
  177  18:47  Planetary Fortress  
  178  18:53  Refinery  
  178  18:54  Refinery  
  178  18:57  SCV x3  
  178  18:58  Refinery  
  178  19:01  Ghost  
  183  19:20  Marine x3  
  181  19:41  Fusion Core  
  181  19:43  Ghost x2  
  185  19:51  Marauder  
  185  19:52  Marauder, Marine x2  
  177  19:56  Marauder, Marine x4  
  177  19:57  Viking  
  177  19:58  Viking  
  180  20:10  Starport  
  180  20:12  Marauder  
  180  20:13  Marauder x2, Command Center  
  185  20:21  Marauder x2  
  185  20:27  Viking  
  185  20:28  Viking  
  189  20:31  Missile Turret  
  189  20:34  Marauder, SCV x3  
  194  20:44  Refinery  
  154  21:16  Marauder x3  
  154  21:17  Marine x4  

Tags
 
Add a new tag
Caveats
  • Supply blocks, unpowered buildings, or Contaminate may cause inaccurate times.
  • Supply counts are checked every 10 seconds.